 Dungeon Crawl Stone Soup version 0.30-a0-739-gea05faddec (webtiles) character file.

Game seed: 10077116902335724371

168488 drugrobin the Black Belt (level 16, -1/139 HPs)
             Began as a Demigod Delver on Feb 1, 2023.
             Slain by an emperor scorpion (18 damage)
             ... on level 1 of the Spider Nest on Feb 4, 2023.
             The game lasted 02:13:23 (45447 turns).

drugrobin the Black Belt (Demigod Delver)          Turns: 45447, Time: 02:13:23

Health: -1/139     AC: 14    Str: 13    XL:     16   Next: 78%
Magic:  24/29      EV: 25    Int: 20    God:
Gold:   1818       SH: 10    Dex: 27    Spells: 1/26 levels left

rFire   . . .      SeeInvis .      - Unarmed
rCold   . . .      Faith    .    g - +0 buckler
rNeg    . . .      Spirit   .    S - +0 swamp dragon scales
rPois   +          Reflect  +    Q - +2 hat
rElec   .          Harm     .    P - +0 cloak
rCorr   .          Rampage  .    I - +0 pair of gloves
Will    +....                    V - +2 pair of boots
Stlth   +++                      H - amulet of reflection
HPRegen 0.43/turn                k - ring of wizardry
MPRegen 0.21/turn                p - +5 ring of evasion

@: about to teleport, very slightly contaminated
A: high MP 1, forlorn, divine attributes
a: no special abilities


You were on level 1 of the Spider Nest.
You visited 5 branches of the dungeon, and saw 27 of its levels.
You also visited: Gauntlet.

You collected 2509 gold pieces.
You spent 691 gold pieces at shops.

Inventory:

Hand Weapons
 b - a +5 dagger of venom
 c - the +6 arbalest "Damnation" {damnation}
   (You took it off a minotaur in a Gauntlet)
Missiles
 m - 7 javelins
 w - 35 poisoned darts
 G - 11 boomerangs (quivered)
 K - 15 curare-tipped darts
Armour
 g - a +0 buckler (worn)
 z - a +0 chain mail of fire resistance
 I - a +0 pair of gloves (worn)
 O - a +0 ring mail of cold resistance
 P - a +0 cloak (worn)
 Q - a +2 hat (worn)
 S - +0 swamp dragon scales (worn)
 V - a +2 pair of boots (worn)
 W - a scarf of harm
Jewellery
 a - a ring of willpower
 h - a ring of protection from fire
 j - a ring of protection from fire
 k - a ring of wizardry (left hand)
 p - a +5 ring of evasion (right hand)
 D - a ring of ice
 E - a +6 ring of intelligence
 H - an amulet of reflection (around neck)
 L - a ring of willpower
Wands
 f - a wand of digging (3)
 o - a wand of flame (22)
 r - a wand of iceblast (22)
 F - a wand of light (1)
 N - a wand of mindburst (11)
 T - a wand of polymorph (16)
Scrolls
 i - 2 scrolls of silence
 l - 4 scrolls of poison
 n - 9 scrolls of blinking
 s - 13 scrolls of teleportation
 y - 3 scrolls of immolation
 A - 2 scrolls of fear
 C - 3 scrolls of butterflies
 J - 5 scrolls of magic mapping
 U - a scroll of enchant armour
Potions
 d - a potion of brilliance
 e - 2 potions of haste
 q - 5 potions of attraction
 t - 4 potions of might
 u - a potion of invisibility
 v - 2 potions of flight
 M - 3 potions of cancellation
 Y - a potion of ambrosia
Miscellaneous
 x - a box of beasts
 R - a phial of floods


   Skills:
 - Level 12.0 Fighting
 - Level 12.0 Dodging
 - Level 4.5 Stealth
 + Level 18.9 Unarmed Combat
 + Level 5.8 Spellcasting
 + Level 6.4 Necromancy
 + Level 8.6 Transmutations
 * Level 3.4 Evocations


You had one spell level left.
You knew the following spells:

 Your Spells              Type           Power      Damage    Failure   Level
a - Wereblood             Tmut           40%        N/A       1%          2
b - Blink                 Tloc           10%        N/A       19%         2
c - Mephitic Cloud        Conj/Pois/Air  5%         N/A       34%         3
d - Necrotise             Necr           100%       1d9       1%          1
e - Ice Form              Ice/Tmut       23%        N/A       21%         4
f - Yara's Violent Unrav  Hex/Tmut       11%        3d6       50%         5
g - Irradiate             Conj/Tmut      11%        3d15      50%         5
h - Call Canine Familiar  Summ           5%         N/A       34%         3

Your spell library contained the following spells:

 Spells                   Type           Power      Damage    Failure   Level
 Foxfire                  Conj/Fire      20%        2x1d5     13%         1
 Magic Dart               Conj           20%        1d4       13%         1
 Sandblast                Erth           10%        2d5       13%         1
 Sublimation of Blood     Necr           31%        N/A       1%          2
 Vampiric Draining        Necr           31%        2d8       2%          3
 Passwall                 Tmut/Erth      19%        N/A       3%          2
 Spider Form              Tmut/Pois      23%        N/A       6%          3
 Call Imp                 Summ           5%         N/A       19%         2
 Ensorcelled Hibernation  Hex/Ice        10%        N/A       19%         2
 Lesser Beckoning         Tloc           10%        N/A       19%         2
 Momentum Strike          Conj/Tloc      10%        3d8       19%         2
 Scorch                   Fire           10%        2d6       19%         2
 Petrify                  Tmut/Erth      23%        N/A       21%         4
 Agony                    Necr           31%        N/A       26%         5
 Anguish                  Hex/Necr       9%         N/A       32%         4
 Inner Flame              Hex/Fire       5%         N/A       34%         3
 Kindle Blastsparks       Fire/Tloc/Air  10%        2d10      34%         3
 Portal Projectile        Hex/Tloc       10%        N/A       34%         3
 Stone Arrow              Conj/Erth      10%        3d7       34%         3
 Swiftness                Air            5%         N/A       34%         3
 Tukima's Dance           Hex            5%         N/A       34%         3
 Vhi's Electric Charge    Tloc/Air       10%        N/A       34%         3
 Cause Fear               Hex            2%         N/A       75%         4
 Leda's Liquefaction      Hex/Erth       2%         N/A       75%         4
 Olgreb's Toxic Radiance  Pois           5%         N/A       75%         4
 Passage of Golubria      Tloc           5%         N/A       75%         4
 Arcjolt                  Conj/Air       2%         1d12      96%         5
 Metabolic Englaciation   Hex/Ice        2%         N/A       96%         5
 Storm Form               Tmut/Air       11%        N/A       100%        7
 Summon Hydra             Summ           2%         N/A       100%        7
 Borgnjor's Revivificati  Necr           15%        N/A       100%        8
 Discord                  Hex            2%         N/A       100%        8
 Necromutation            Tmut/Necr      18%        N/A       100%        8
 Death's Door             Necr           15%        N/A       100%        9


Dungeon Overview and Level Annotations

Branches:
Dungeon (15/15)            Temple (0/1) D:6            Lair (5/5) D:9
  Swamp (4/4) Lair:2       Spider (1/4) Lair:3        Slime (0/5) Lair:5
    Orc (2/2) D:10            Elf (0/3) Orc:2        Vaults (0/5) D:14
 Depths (0/4) D:15        Gauntlet (visited)

Shops:
D:4 [?   Orc:2 ?(((

Annotations:
D:12 4 transporters
Lair:3 exclusion: hydra
Lair:5 1 runed translucent door
Swamp:4 exclusion: swamp worm
Orc:1 1 runed translucent door, Qig Fewk's ghost, journeyman HOFi


Innate Abilities, Weirdness & Mutations

You have an increased reservoir of magic. (+10% MP)
You shall have no god before yourself.
Your divine heritage dramatically boosts your attributes as you level up.


Message History

The emperor scorpion completely misses you.
The emperor scorpion closely misses you.
The emperor scorpion attacks as you move away!
You block the emperor scorpion's attack.
The emperor scorpion barely misses you.
The emperor scorpion claws you but does no damage.
You feel extremely sick.
You feel extremely sick. The emperor scorpion barely misses you.
The emperor scorpion claws you but does no damage.
You block the emperor scorpion's attack.
The emperor scorpion attacks as you move away!
The emperor scorpion completely misses you.
The emperor scorpion barely misses you.
The emperor scorpion claws you but does no damage.
You feel very sick.
You barely miss the emperor scorpion.
The emperor scorpion is moderately wounded.
You feel very sick. The emperor scorpion stings you!
* * * LOW HITPOINT WARNING * * *
You are lethally poisoned!
The emperor scorpion poisons you!
You block the emperor scorpion's attack.
The emperor scorpion completely misses you.
Unknown command.
Unknown command.
Unknown command.
Unknown command.
As you read the scroll of teleportation, it crumbles to dust.
You feel strangely unstable.
* * * LOW HITPOINT WARNING * * *
You feel extremely sick. The emperor scorpion misses you.
The emperor scorpion claws you but does no damage.
You block the emperor scorpion's attack.
Unknown command.
Unknown command.
You feel better. The emperor scorpion stings you!!
You die...

## ### .### ###.###
##.## ###...#.#
#...# #.......####
..### ##...#.....#
...### #...##.....#
>....###.#..###.@.##
.#..##.###..#####s.#
.#..#[......#.##..##
##........#.#)...##
##..########.s...#
#....# #..).##...#
##.### #..### ..##
### #..#.# #.#
#.##...#^###


You could see an emperor scorpion.

Vanquished Creatures
  A fenstrider witch (Swamp:3)
  3 eleionomae
  A minotaur (Gauntlet)
  3 bunyips
  A dire elephant (Lair:5)
  An ettin (Orc:1)
  2 entropy weavers
  5 hydras
  2 vault guards (D:14)
  Erolcha (D:12)
  A catoblepas (D:13)
  A ghost crab (Swamp:2)
  An ogre mage (D:15)
  A merfolk avatar (Lair:5)
  9 centaur warriors
  The ghost of dracfodder the Geomancer, a journeyman GrEE of Vehumet (D:9)
  13 alligators
  10 two-headed ogres
  A death knight (D:14)
  3 boulder beetles
  Erica (D:10)
  2 vampire magi
  A titan zombie (D:15)
  A spriggan berserker (Swamp:1)
  10 spriggans
  3 sixfirhies (Gauntlet)
  A pharaoh ant (Lair:3)
  2 skeletal warriors (D:15)
  5 goliath frogs
  2 spriggan druids
  A bog body (Swamp:2)
  A lindwurm (Lair:4)
  3 swamp dragons (Swamp:3)
  3 orc knights (Orc:2)
  A necromancer (D:15)
  An ugly thing (D:13)
  2 harpies (Lair:5)
  A mana viper (shapeshifter) (D:14)
  2 wolf spiders
  3 steelbarb worms
  2 will-o-the-wisps
  A frost giant zombie (D:15)
  5 manticores
  An orc sorcerer (Orc:1)
  A moth of wrath (Spider:1)
  5 cyclopes
  A stone giant skeleton (D:15)
  14 elephants
  4 black mambas
  A demonic crawler (Spider:1)
  A torpor snail (Gauntlet)
  10 cane toads
  A gargoyle (D:11)
  4 kobold demonologists
  5 rime drakes
  2 efreet
  12 komodo dragons
  4 yaktaurs (D:15)
  3 polar bears (Lair:5)
  10 trolls
  5 meliai
  A queen bee (Lair:1)
  4 tyrant leeches
  A blink frog (shapeshifter) (D:13)
  10 hornets
  3 wind drakes
  2 snapping turtles (Lair:5)
  13 tarantellas
  13 blink frogs
  9 dream sheep
  Grinder (D:3)
  17 slime creatures
  8 jumping spiders
  2 centaur simulacra (Gauntlet)
  3 wraiths
  Sigmund (D:2)
  A shadow (D:12)
  5 culicivoras
  23 yaks
  3 steam dragons
  8 wyverns
  3 basilisks
  8 humans (D:14)
  7 vampires
  A hog (shapeshifter) (D:15)
  10 vampire mosquitoes
  Grum (D:10)
  17 redbacks
  10 swamp worms
  A warg (Orc:1)
  An acid dragon (D:14)
  8 water moccasins
  2 ice beasts
  A swamp drake (Swamp:3)
  4 black bears
  31 orc warriors
  A glowing shapeshifter skeleton (D:15)
  6 wolves
  A sky beast (D:7)
  10 ogres
  22 centaurs
  6 kobold brigands
  13 bullfrogs
  A gnoll sergeant (Orc:2)
  5 scorpions
  A necrophage (D:6)
  10 wights
  A hornet simulacrum (Gauntlet)
  20 killer bees
  A nameless horror (Spider:1)
  7 howler monkeys
  4 electric eels
  10 orc priests
  2 hounds
  14 iguanas
  20 orc wizards
  5 gnolls (Orc:2)
  14 adders
  An ufetubus (D:6)
  3 dart slugs
  67 orcs
  7 ball pythons
  6 endoplasms
  3 giant cockroaches
  3 goblins
  6 hobgoblins
  2 jackals (D:2)
  A quokka (D:4)
  2 bats
  17 frilled lizards
  16 kobolds
  9 rats
749 creatures vanquished.

Vanquished Creatures (collateral kills)
  5 kobold brigands (D:9)
5 creatures vanquished.

Vanquished Creatures (others)
  An efreet (D:14)
  3 bloated husks
  2 humans (D:14)
  2 demonic plants (Gauntlet)
  14 foxfires
  27 fungi
  75 plants
  13 withered plants (D:15)
137 creatures vanquished.

Grand Total: 891 creatures vanquished

Notes
Turn   | Place    | Note
-------+----------+-------------------------------------------
     0 | D:5      | drugrobin the Demigod Delver began the quest for the Orb.
     0 | D:5      | Reached XP level 1. HP: 18/18 MP: 3/3
    61 | D:5      | Noticed a scorpion
    73 | D:5      | Got the Collected Works on the Wintry Vector
   161 | D:4      | Reached skill level 2 in Unarmed Combat
   202 | D:4      | Reached XP level 2. HP: 21/25 MP: 4/4
   508 | D:3      | Reached skill level 3 in Unarmed Combat
   758 | D:3      | Reached XP level 3. HP: 19/30 MP: 5/5
   961 | D:3      | Noticed Grinder
  1141 | D:3      | Learned a level 2 spell: Wereblood
  1170 | D:3      | Identified the +4 scale mail of Fehesm {rC+ Str+2 Dex-5}
  1256 | D:3      | Reached skill level 4 in Unarmed Combat
  1319 | D:2      | Reached XP level 4. HP: 37/37 MP: 6/6
  1345 | D:2      | Noticed Sigmund
  2603 | D:2      | Killed Sigmund
  2604 | D:2      | Reached skill level 5 in Unarmed Combat
  2604 | D:2      | Reached XP level 5. HP: 39/42 MP: 7/7
  3107 | D:3      | Paralysed by Grinder for 3 turns
  3132 | D:3      | Paralysed by Grinder for 4 turns
  3369 | D:4      | Reached XP level 6. HP: 50/50 MP: 8/8
  3494 | D:4      | Found The Oracle's Delphic Readings.
  3505 | D:4      | Bought a scroll of teleportation for 42 gold pieces
  3505 | D:4      | Bought a scroll of silence for 133 gold pieces
  3505 | D:4      | Bought a scroll of identify for 28 gold pieces
  3589 | D:4      | Found Cubuteokk's Armour Shoppe.
  3779 | D:4      | Found the amulet of the Air {Inacc Air Fly rElec RMsl}
  3988 | D:5      | Reached skill level 6 in Unarmed Combat
  4036 | D:5      | Reached XP level 7. HP: 50/57 MP: 9/9
  4381 | D:5      | Learned a level 2 spell: Blink
  4803 | D:6      | Reached skill level 7 in Unarmed Combat
  5281 | D:6      | Reached XP level 8. HP: 55/66 MP: 10/10
  5375 | D:6      | Found a staircase to the Ecumenical Temple.
  5700 | D:3      | Paralysed by Grinder for 3 turns
  5706 | D:3      | Killed Grinder
  6021 | D:6      | Reached skill level 8 in Unarmed Combat
  6649 | D:7      | Learned a level 3 spell: Mephitic Cloud
  6686 | D:7      | Reached skill level 5 in Dodging
  6749 | D:7      | Reached skill level 5 in Fighting
  7998 | D:8      | Reached skill level 9 in Unarmed Combat
  7998 | D:8      | Reached XP level 9. HP: 72/74 MP: 11/11
  9114 | D:9      | Reached skill level 10 in Unarmed Combat
  9395 | D:9      | Found a staircase to the Lair.
  9395 | D:9      | Noticed an elephant
  9452 | D:9      | Killed an elephant
  9758 | D:9      | Found a runed translucent gate.
  9758 | D:9      | Found a runed translucent gate.
  9759 | D:9      | Noticed dracfodder's ghost (journeyman GrEE)
  9759 | D:9      | Noticed a kobold demonologist
  9759 | D:9      | Found a runed translucent gate.
  9760 | D:9      | Noticed a kobold demonologist
 10116 | D:9      | Noticed a kobold demonologist
 10714 | D:10     | Entered Level 10 of the Dungeon
 10730 | D:10     | Reached XP level 10. HP: 68/84 MP: 13/13
 11060 | D:10     | Reached skill level 11 in Unarmed Combat
 11747 | D:10     | Noticed Grum
 11747 | D:10     | Noticed Erica
 11884 | D:10     | Killed Erica
 11888 | D:10     | Found a staircase to the Orcish Mines.
 11931 | D:10     | Killed Grum
 12644 | D:11     | Reached skill level 12 in Unarmed Combat
 12705 | D:11     | Noticed a two-headed ogre
 12766 | D:11     | Noticed a cyclops
 12790 | D:11     | Killed a cyclops
 12791 | D:11     | Reached XP level 11. HP: 94/94 MP: 14/14
 12832 | D:11     | Killed a two-headed ogre
 13181 | D:11     | Noticed a two-headed ogre
 13191 | D:11     | Killed a two-headed ogre
 14214 | D:11     | Noticed a vampire mage
 14538 | Lair:1   | Entered Level 1 of the Lair of Beasts
 14602 | Lair:1   | Reached skill level 13 in Unarmed Combat
 16049 | Lair:1   | Got the Guide on Transmigration and Putrescence
 16200 | Lair:1   | HP: 1/97 [komodo dragon (25)]
 17227 | Lair:2   | Reached XP level 12. HP: 22/105 MP: 15/15
 17839 | Lair:2   | Found a staircase to the Swamp.
 18594 | Lair:3   | Noticed a seven-headed hydra
 18606 | Lair:3   | Killed a seven-headed hydra
 18607 | Lair:3   | Reached skill level 14 in Unarmed Combat
 18607 | Lair:3   | Reached skill level 1 in Transmutations
 18763 | Lair:3   | Noticed an eight-headed hydra
 18814 | Lair:3   | Noticed a boulder beetle
 18837 | Lair:3   | Killed a boulder beetle
 18970 | Lair:3   | Found a hole to the Spider Nest.
 19840 | Lair:4   | Found a gate leading to a gauntlet.
 19846 | Gauntlet | Entered a Gauntlet
 19846 | Gauntlet | Found a transporter.
 19856 | Gauntlet | Found a transporter.
 19858 | Gauntlet | Found a transporter.
 19865 | Gauntlet | Found a transporter.
 19880 | Gauntlet | Found a transporter.
 19885 | Gauntlet | Found a transporter.
 19900 | Gauntlet | Found a transporter.
 19916 | Gauntlet | Noticed a blizzard demon
 19919 | Gauntlet | Found a transporter.
 19931 | Gauntlet | Found a transporter.
 19938 | Gauntlet | Noticed a great orb of eyes
 19943 | Gauntlet | Found a transporter.
 19949 | Gauntlet | Found a transporter.
 19949 | Gauntlet | Found a transporter.
 19964 | Gauntlet | Found a transporter.
 19970 | Gauntlet | Found a transporter.
 19985 | Gauntlet | Found a transporter.
 20002 | Gauntlet | Found a transporter.
 20022 | Gauntlet | Found a transporter.
 20049 | Gauntlet | Found a transporter.
 20474 | Gauntlet | Reached skill level 10 in Dodging
 20586 | Gauntlet | Reached skill level 10 in Fighting
 20669 | Gauntlet | Identified the +1 cloak "Ofeveny" {Will++ Regen+ Str+4
                  | Slay-6}
 20718 | Gauntlet | Identified the +4 plate armour of Poor Excuses {Will+}
 20718 | Gauntlet | Noticed a minotaur
 20744 | Gauntlet | Killed a minotaur
 22310 | Lair:4   | Reached skill level 15 in Unarmed Combat
 22474 | Lair:4   | Reached XP level 13. HP: 83/114 MP: 16/16
 22768 | Lair:4   | Noticed Nessos
 22769 | Lair:4   | Nessos changed into Nessos the komodo dragon
 22769 | Lair:4   | Noticed Nessos
 22781 | Lair:4   | Killed Nessos the komodo dragon
 23233 | Lair:5   | Entered Level 5 of the Lair of Beasts
 23703 | Lair:5   | Reached skill level 5 in Transmutations
 24023 | Lair:5   | Noticed a dire elephant
 24043 | Lair:5   | Killed a dire elephant
 24538 | Lair:5   | Found a runed translucent door.
 24539 | Lair:5   | Found a staircase to the Slime Pits.
 25091 | Orc:1    | Entered Level 1 of the Orcish Mines
 25441 | Orc:1    | Found a runed translucent door.
 25442 | Orc:1    | Noticed Qig Fewk's ghost (journeyman HOFi)
 25465 | Orc:2    | Entered Level 2 of the Orcish Mines
 26310 | D:12     | Noticed Erolcha
 26365 | D:12     | Killed Erolcha
 26366 | D:12     | Reached skill level 16 in Unarmed Combat
 26634 | D:12     | Found a transporter.
 26635 | D:12     | Found a transporter.
 26639 | D:12     | Found a transporter.
 26734 | D:12     | Found a transporter.
 27032 | D:13     | Identified the +2 war axe of the Arena {heavy, Str+6
                  | Stlth-}
 27145 | D:13     | Identified a scroll of acquirement
 27536 | D:13     | Reached XP level 14. HP: 49/124 MP: 17/17
 28900 | D:14     | HP: 6/125 [meliai (shapeshifter) (4)]
 29461 | D:14     | Noticed an angel
 29661 | D:14     | Found a gate to the Vaults.
 29767 | D:15     | Entered Level 15 of the Dungeon
 30224 | D:15     | Reached skill level 17 in Unarmed Combat
 30499 | D:15     | Learned a level 1 spell: Necrotise
 30831 | D:15     | Found a staircase to the Depths.
 30853 | D:15     | Reached skill level 1 in Necromancy
 30863 | D:15     | Reached skill level 1 in Spellcasting
 32113 | D:9      | Killed dracfodder's ghost
 32334 | Orc:2    | Acquired the Volume of Fog and the Sun
 33692 | Orc:1    | HP: 4/126 [ettin/+0 dire flail (35)]
 34225 | Orc:2    | Found a staircase to the Elven Halls.
 34758 | Orc:2    | Reached XP level 15. HP: 84/132 MP: 22/22
 35651 | Orc:2    | Found Hoakoz's Weapon Boutique.
 35651 | Orc:2    | Found Aduse's Antique Weapon Shoppe.
 35653 | Orc:2    | Found Benilic's Magic Scroll Emporium.
 35655 | Orc:2    | Found Xubib's Weapon Shop.
 35660 | Orc:2    | Bought a runed hand crossbow for 208 gold pieces
 35662 | Orc:2    | Bought a scroll of amnesia for 44 gold pieces
 35662 | Orc:2    | Bought a scroll of poison for 44 gold pieces
 35662 | Orc:2    | Bought a scroll of teleportation for 33 gold pieces
 35662 | Orc:2    | Bought a scroll of teleportation for 33 gold pieces
 35662 | Orc:2    | Bought a scroll of enchant weapon for 82 gold pieces
 35674 | Orc:2    | Bought a scroll of identify for 22 gold pieces
 35674 | Orc:2    | Bought a scroll of identify for 22 gold pieces
 35826 | Lair:1   | Reached XP level 16. HP: 139/139 MP: 23/25
 35891 | Swamp:1  | Entered Level 1 of the Swamp
 35903 | Swamp:1  | Reached skill level 18 in Unarmed Combat
 36323 | Swamp:1  | Upgraded the game from 0.30-a0-737-gf23d94013f to
                  | 0.30-a0-739-gea05faddec
 38563 | Swamp:1  | Reached skill level 5 in Necromancy
 40052 | Swamp:2  | Reached skill level 5 in Spellcasting
 40158 | Swamp:2  | Learned a level 4 spell: Ice Form
 41927 | Swamp:4  | Entered Level 4 of the Swamp
 42685 | Swamp:3  | Reached skill level 1 in Evocations
 43350 | Spider:1 | Entered Level 1 of the Spider Nest
 44505 | Spider:1 | Learned a level 5 spell: Yara's Violent Unravelling
 44511 | Spider:1 | Learned a level 5 spell: Irradiate
 44943 | Spider:1 | Learned a level 3 spell: Call Canine Familiar
 45446 | Spider:1 | HP: 6/139 [poisoned by an emperor scorpion]
 45447 | Spider:1 | Slain by an emperor scorpion

Illustrated notes

Levels and vault maps discovered:
D:1:      dpeg_arrival_fog, layout_loops_corners, serial_bayou_crossing
D:2:      layout_rooms, uniq_sigmund
D:3:      minmay_recursive_quarters, layout_basic, kennysheep_boxes,
          uniq_grinder
D:4:      layout_basic, grunt_dithmenos_smoke_and_mirrors, serial_shops, shop,
          nicolae_nh_oracle_at_delphi
D:5:      layout_gridville, mainiacjoe_overflow_cross_hatched,
          nicolae_wu_jian_wuxing_cycle
D:6:      layout_loops_cross, minitemple, minmay_temple_entry_waves,
          minmay_misc_feat_rows
D:7:      layout_layer_cave, mainiacjoe_overflow_chevrons,
          lightli_temple_of_fire, nicolae_ru_great_annihilating_truth
D:8:      layout_loops_ring
D:9:      hellmonk_destroyed_diamonds, layout_layer_cave, david_lair_generic,
          gammafunk_ghost_nasty_kobolds
D:10:     layout_stronghold, minmay_orc_entry_temple_small, uniq_erica,
          uniq_grum
D:11:     layout_roguey, serial_curves, eino_curves_03, eino_curves_03,
          nicolae_nh_vlads_tower
D:12:     layout_roguey, nicolae_transporter_circle, uniq_erolcha
D:13:     layout_loops_ring, minmay_stone_trees_small
D:14:     layout_loops_ring, ximxim_vaults_locker_room, zin_angel
D:15:     gammafunk_depths_entry_grave, layout_cave_pods, nicolae_lava_and_water
Lair:1:   lemuel_reptile_caves, layout_cellular_growth, st_stairs_4,
          serial_bayou_ford_a
Lair:2:   layout_gridlike, swamp_mist
Lair:3:   layout_regular_city, nicolae_spider_entry_tight_spaces, st_stairs_3
Lair:4:   layout_regular_city, gauntlet_entry_generic, beast_lair_carwin_6,
          uniq_nessos
Lair:5:   gammafunk_lair_ancient_temple, layout_big_grid, slime_entry_2,
          infiniplex_staircase_pool
Swamp:1:  layout_basic_swamp, hangedman_swamp_ruin_hall
Swamp:2:  layout_basic_swamp, nicolae_swamp_some_circles
Swamp:3:  layout_basic_swamp, nicolae_swamp_stair_fork
Swamp:4:  swamp_alternative, layout_basic_swamp, swamp_pool5
Spider:1: layout_spider_delve
Orc:1:    layout_diamond_mine, basic_altar, ebering_ghost_xom
Orc:2:    st_orc_rangers, layout_caves

Skill      XL: |  1  2  3  4  5  6  7  8  9 10 11 12 13 14 15 16 |
---------------+-------------------------------------------------+-----
Unarmed Combat | 2 3 4 5 6 7 9 10 12 13 15 16 17 18 | 18.9
Dodging        | 2 3 4 5 6 8 9 10 11 12 | 12.0
Fighting       | 3 4 5 6 8 9 10 11 12 | 12.0
Transmutations | 4 6 8 |  8.6
Necromancy     | 2 4 6 |  6.4
Spellcasting   | 2 3 5 |  5.8
Evocations     | 3 |  3.4
Stealth        | |  4.5

Action                     |  1- 3 |  4- 6 |  7- 9 | 10-12 | 13-15 | 16-18 || total
---------------------------+-------+-------+-------+-------+-------+-------++-------
  Melee: Unarmed           |   161 |    44 |    48 |   643 |   770 |   757 ||  2423
         Punch             |     7 |     9 |    28 |   100 |    68 |       ||   212
         Dagger            |       |    99 |   429 |   319 |    23 |     6 ||   876
   Fire: Arbalest          |       |       |       |    24 |   164 |       ||   188
  Throw: Stone             |     8 |     1 |       |       |       |       ||     9
         Dart              |       |     1 |     1 |    39 |    11 |     6 ||    58
         Boomerang         |       |       |    26 |    43 |    29 |    34 ||   132
   Cast: Wereblood         |       |       |     1 |       |     6 |       ||     7
         Mephitic Cloud    |       |       |       |       |     3 |     2 ||     5
         Blink             |       |       |       |       |     1 |     3 ||     4
         Necrotise         |       |       |       |       |       |     3 ||     3
         Ice Form          |       |       |       |       |       |     2 ||     2
  Evoke: Wand              |       |     9 |       |    26 |     8 |    33 ||    76
         Box of beasts     |       |       |       |     1 |     1 |       ||     2
         Phial of floods   |       |       |       |       |       |     1 ||     1
    Use: Scroll            |       |       |    12 |    13 |     8 |     4 ||    37
         Potion            |       |       |     2 |    10 |     3 |     4 ||    19
   Stab: Sleeping          |       |     3 |     5 |     2 |     1 |     1 ||    12
         Paralysed         |       |       |     1 |     2 |     1 |       ||     4
         Invisible         |       |       |       |     6 |       |     2 ||     8
         Confused          |       |       |       |       |     4 |     1 ||     5
 Armour: Plate armour      |    51 |       |       |       |       |       ||    51
         Leather armour    |     4 |       |       |       |       |       ||     4
         Chain mail        |    19 |       |       |       |       |       ||    19
         Scale mail        |    14 |    64 |   262 |   405 |   243 |   145 ||  1133
         Swamp dragon scal |       |       |       |       |       |    59 ||    59
         Skin              |       |       |       |       |       |    21 ||    21
  Dodge: Dodged            |    51 |    51 |   259 |   596 |   554 |   463 ||  1974
  Block: Other             |       |       |   102 |   205 |    84 |     8 ||   399
         Reflection        |       |       |     1 |       |    80 |     8 ||    89
         Buckler           |       |       |       |       |   188 |   317 ||   505

Table legend: (Time is in decaauts)
 A = Elapsed time spent in this place.
 B = Non-inter-level travel time spent in this place.
 C = Inter-level travel time spent in this place.
 D = Time resting spent in this place.
 E = Time spent auto-exploring this place.
 F = Levels seen in this place.
 G = Mean time per level.
                   A        B        C        D        E       F      G
               +--------+--------+--------+--------+--------+-----+--------+
         Total |  45341 |  43052 |   2289 |  13708 |  19349 |  28 | 1619.3 |
       Dungeon |  20985 |  19754 |   1231 |   3549 |  11311 |  15 | 1399.0 |
          Lair |  11273 |  10705 |    568 |   4360 |   4275 |   5 | 2254.6 |
         Swamp |   6626 |   6333 |    293 |   3504 |   1435 |   4 | 1656.5 |
   Spider Nest |   1090 |   1090 |      0 |    388 |    329 |   1 | 1090.0 |
  Orcish Mines |   4281 |   4087 |    194 |   1645 |   1654 |   2 | 2140.5 |
      Gauntlet |   1083 |   1083 |      0 |    260 |    344 |   1 | 1083.0 |
               +--------+--------+--------+--------+--------+-----+--------+

Top non-repeatable levels by time:
  Lair:3: 3290 daAuts
  Lair:1: 2912 daAuts
 Swamp:1: 2707 daAuts
     D:9: 2548 daAuts
   Orc:1: 2508 daAuts
 Swamp:3: 2487 daAuts
    D:11: 2272 daAuts
  Lair:2: 2071 daAuts
   Orc:2: 1773 daAuts
    D:15: 1753 daAuts
    D:10: 1717 daAuts
     D:3: 1645 daAuts
  Lair:4: 1621 daAuts
    D:14: 1487 daAuts
  Lair:5: 1378 daAuts
